 Dungeon Crawl Stone Soup version 0.16.1-30-g34a7ffa (webtiles) character file.

18614 sscrono2 the Covert (level 12, -1/77 HPs)
             Began as an Octopode Assassin on June 16, 2015.
             Was a High Priest of Kikubaaqudgha.
             Killed from afar by an electric eel (8 damage)
             ... with a bolt of electricity
             ... on level 4 of the Lair of Beasts.
             The game lasted 01:20:40 (18363 turns).

sscrono2 the Covert (Octopode Assassin)            Turns: 18363, Time: 01:20:40

Health: -1/77      AC:  5    Str: 17    XL:     12   Next: 60%
Magic:  0/29       EV: 19    Int: 18    God:    Kikubaaqudgha [*****.]
Gold:   615        SH:  0    Dex: 19    Spells: 8 memorised, 4 levels left

rFire  + . .     SeeInvis +     a - +3 dagger
rCold  . . .     Clarity  .     (no shield)
rNeg   + . .     SustAb   +     (helmet restricted)
rPois  +         Gourm    .     h - amulet of guardian spirit
rElec  .         Spirit   +     d - +2 ring of protection
rCorr  .         Warding  .     g - ring of positive energy
rMut   .         Stasis   .     q - ring of protection from fire
MR     .....                    s - ring of poison resistance
Stlth  ++++++++..               r - ring of see invisible
                                z - ring of sustain abilities
                                K - +5 ring of strength
                                N - +5 ring of intelligence

@: not resistant to hostile enchantments, extraordinarily stealthy
A: almost no armour, amphibious, 8 rings, constrict 8, thin metallic scales 1,
camouflage 1, agile 1, deterioration 1, gelatinous body 1
a: Receive Corpses, Torment, Renounce Religion


You were on level 4 of the Lair of Beasts.
You worshipped Kikubaaqudgha.
Kikubaaqudgha was extremely pleased with you.
You were full.

You visited 3 branches of the dungeon, and saw 14 of its levels.

You collected 915 gold pieces.
You spent 300 gold pieces at shops.

Inventory:

Hand weapons
 a - a +3 dagger (weapon)
 b - a +2 blowgun
 v - the +4 dagger "Stokaho" {antimagic, Noisy rPois rN+ MR+ Dex+3}
   (You found it on level 8 of the Dungeon)

   It disrupts the flow of magical energy around spellcasters and certain
   magical creatures (including the wielder).
   It affects your dexterity (+3).
   It protects you from poison.
   It protects you from negative energy.
   It affects your resistance to hostile enchantments.
   It may make noises in combat.
Missiles
 e - 64 poisoned needles
 k - a curare-tipped needle
Jewellery
 d - a +2 ring of protection (left tentacle)
 g - a ring of positive energy (right tentacle)
 h - an amulet of guardian spirit (around mantle)
 q - a ring of protection from fire (on tentacle)
 r - a ring of see invisible (on tentacle)
 s - a ring of poison resistance (on tentacle)
 z - a ring of sustain abilities (on tentacle)
 K - a +5 ring of strength (on tentacle)
 N - a +5 ring of intelligence (on tentacle)
Magical devices
 x - a wand of random effects (31)
 y - a wand of cold (8)
 F - a wand of cold (15)
 Q - a wand of paralysis (13)
Scrolls
 c - 6 scrolls of teleportation
 l - 2 scrolls of recharging
 n - 2 scrolls of amnesia
 p - 4 scrolls of remove curse
 D - a scroll of magic mapping
 E - 2 scrolls of fog
 H - 3 scrolls of enchant weapon
Potions
 f - a potion of restore abilities
 t - a potion of cure mutation
 u - 3 potions of might
 w - 2 potions of brilliance
 A - a potion of cancellation
 L - a potion of invisibility
 M - a potion of flight
 R - a potion of lignification {unknown}
 S - a potion of berserk rage {unknown}
Books
 i - a book of Burglary

   Spells                             Type                      Level
   a - Swiftness                      Charms/Air                   2
   b - Passwall                       Transmutation/Earth          3
   c - Passage of Golubria            Translocation                4
   d - Lee's Rapid Deconstruction     Earth                        5
   e - Invisibility                   Hexes                        6
   f - Darkness                       Hexes                        7
 j - Kikubaaqudgha's Reference Book on Evil Rituals
   (Kikubaaqudgha gifted it to you on level 5 of the Dungeon)

   Spells                             Type                      Level
   a - Animate Skeleton               Necromancy                   1
   b - Corpse Rot                     Necromancy                   2
   c - Sublimation of Blood           Necromancy                   2
   d - Vampiric Draining              Necromancy                   3
   e - Control Undead                 Necromancy                   4
 C - a book of Necromancy

   Spells                             Type                      Level
   a - Pain                           Necromancy                   1
   b - Animate Skeleton               Necromancy                   1
   c - Vampiric Draining              Necromancy                   3
   d - Regeneration                   Charms/Necromancy            3
   e - Animate Dead                   Necromancy                   4
   f - Control Undead                 Necromancy                   4
 O - Kikubaaqudgha's Volume of Sinister Arts
   (Kikubaaqudgha gifted it to you on level 9 of the Dungeon)

   Spells                             Type                      Level
   a - Excruciating Wounds            Charms/Necromancy            5
   b - Bolt of Draining               Conjuration/Necromancy       5
   c - Cigotuvi's Embrace             Necromancy                   5
   d - Dispel Undead                  Necromancy                   5
   e - Death Channel                  Necromancy                   6
 P - a book of the Warp

   Spells                             Type                      Level
   a - Recall                         Summoning/Translocation      3
   b - Control Teleport               Charms/Translocation         4
   c - Force Lance                    Conjuration/Translocation    4
   d - Phase Shift                    Translocation                5
   e - Warp Weapon                    Charms/Translocation         5
   f - Gell's Gravitas                Hexes/Translocation          5
   g - Summon Forest                  Summoning/Translocation      5
Miscellaneous
 I - a stone of tremors
Comestibles
 m - 3 royal jellies
 B - a beef jerky
 G - 11 fruits
 J - 2 slices of pizza


   Skills:
 + Level 5.2 Fighting
 * Level 6.6 Short Blades
 + Level 4.5 Throwing
 + Level 8.1 Dodging
 + Level 14.1 Stealth
 + Level 8.5 Spellcasting
 + Level 4.3 Conjurations
 + Level 8.6 Necromancy
 + Level 0.5 Evocations


You had 4 spell levels left.
You knew the following spells:

 Your Spells              Type           Power        Failure   Level  Hunger
a - Pain                  Necr           ####         1%          1    None
b - Corpse Rot            Necr           N/A          1%          2    None
c - Vampiric Draining     Necr           #####.....   1%          3    None
d - Animate Skeleton      Necr           N/A          1%          1    None
e - Animate Dead          Necr           N/A          2%          4    ###....
f - Dispel Undead         Necr           #####...     10%         5    #####..
g - Bolt of Draining      Conj/Necr      ####......   21%         5    #####..
h - Recall                Summ/Tloc      N/A          30%         3    None


Dungeon Overview and Level Annotations

Branches:
Dungeon (9/15)             Temple (1/1) D:4            Lair (4/8) D:9
  Swamp (0/5) Lair:3        Snake (0/5) Lair:4
    Orc: D:9-12

Altars:
Ashenzari
Cheibriados
Dithmenos
Elyvilon
Fedhas
Gozag
Kikubaaqudgha
Makhleb
Nemelex Xobeh
Okawaru
Qazlal
Ru
Sif Muna
Trog
Vehumet
Xom
Yredelemnul
Zin
The Shining One

Shops:
D:5 *   D:8 (


Innate Abilities, Weirdness & Mutations

You cannot wear most types of armour.
You are amphibious.
You can wear up to eight rings at the same time.
You can use your tentacles to constrict many enemies at once.
Your skin changes colour to match your surroundings (Stealth).
Your rubbery body absorbs attacks (AC +1).
You are partially covered in thin metallic scales (AC +2).
You are agile. (Dex +2)
Your body is slowly deteriorating.


Message History

Your river rat zombie barely misses the electric eel.
Your blink frog zombie closely misses the electric eel.
Your spiny frog zombie hits the electric eel.
The electric eel shoots out a bolt of lightning at you!
The bolt of electricity hits the plant.
The plant is destroyed!
The bolt of electricity hits your river rat zombie.
Your river rat zombie is destroyed!
The bolt of electricity hits you!
* * * LOW HITPOINT WARNING * * *
Something hits the electric eel!
The electric eel dies!
Kikubaaqudgha accepts your kill.
Your river rat zombie closely misses the electric eel.
The electric eel shoots out a bolt of lightning at you!
The bolt of electricity hits your river rat zombie.
Your river rat zombie is destroyed!
The bolt of electricity hits you!
You die...
Kikubaaqudgha rasps: "You have failed me!
Welcome... death!"

....### #....... P$......#
#....... ##.......#
####.......
#........###Z.'.?.....
#P...%[...#..Z#.Z.....
##...........#.Z......
#.........####........
#####...P## #.#.......
##P@...## #####...##
♣♣♣♣###.......## #P..##
♣♣♣≈PZ≈)≈Z≈≈.....# #..####
♣≈≈≈≈≈≈P≈P≈≈.....# #.#....#
♣≈≈≈;Z≈≈P≈≈P...#..#####...##
♣≈≈≈≈≈Z≈≈P≈≈....#.###.....###
♣P≈≈≈≈≈≈≈≈≈≈≈.......#..Z...Z.#
♣≈≈≈≈≈≈≈≈P≈≈P.....#.........)#
♣≈P≈≈≈≈≈≈≈≈≈P.................


You could see an electric eel, 2 friendly river rat zombies and a friendly spiny
frog zombie.

Vanquished Creatures
  Rupert (Lair:4)
  A hydra (Lair:3)
  A griffon (Lair:4)
  The ghost of murphyslaw the Covert, an experienced OpAr (D:6)
  2 black mambas
  3 spiny frogs
  A komodo dragon (Lair:4)
  A troll (D:7)
  2 blink frogs (Lair:4)
  Grum (D:9)
  3 hippogriffs
  2 nagas (Lair:4)
  15 yaks
  A mottled dragon (D:9)
  8 wolves
  3 water moccasins (D:5)
  A hungry ghost (D:8)
  4 porcupines
  A necrophage (D:7)
  A phantom (D:6)
  4 orc warriors
  3 sky beasts
  A wasp (D:8)
  2 ogres (D:5)
  A black bear (Lair:3)
  2 centaurs
  A boring beetle (D:8)
  6 crocodiles
  Sigmund (D:2)
  A big kobold (D:8)
  A brain worm (D:8)
  10 giant frogs
  3 wights (D:7)
  A scorpion (D:9)
  2 goliath beetles
  3 crimson imps
  4 orc priests
  2 centaur skeletons
  7 hounds
  4 jellies
  6 orc wizards
  A centaur zombie (D:7)
  A giant frog skeleton (D:5)
  3 iguanas
  4 worker ants
  30 river rats
  A worker ant zombie (D:5)
  8 adders
  2 shadow imps
  A giant mite (D:1)
  3 worms
  4 adder zombies
  6 giant geckos
  27 orcs
  A ball python (D:5)
  3 giant cockroaches
  10 goblins
  7 hobgoblins
  A jackal (D:6)
  6 quokkas
  11 bats
  A giant gecko skeleton (D:8)
  A giant gecko zombie (D:6)
  4 giant newts
  A giant spore (D:7)
  7 kobolds
  A quokka skeleton (D:5)
  21 rats
  A ballistomycete (D:7)
285 creatures vanquished.

Vanquished Creatures (collateral kills)
  A hydra (Lair:3)
  A griffon (Lair:3)
  2 black mambas
  3 spiny frogs
  4 komodo dragons
  A fire drake (Lair:3)
  A blink frog (Lair:4)
  15 yaks
  A hungry ghost (Lair:1)
  A naga (Lair:4)
  5 wolves (Lair:2)
  5 water moccasins
  A porcupine (Lair:3)
  2 centaurs
  A boring beetle (Lair:3)
  4 crocodiles
  2 giant frogs (Lair:2)
  A wight (D:7)
  An electric eel (Lair:4)
  An orc priest (D:9)
  2 hounds (Lair:2)
  4 orc wizards (D:9)
  5 iguanas
  4 adders
  A worker ant zombie (D:6)
  A shadow imp (D:6)
  27 river rats
  2 adder skeletons (D:9)
  A giant gecko (D:9)
  8 orcs (D:9)
  A jackal (D:6)
  A kobold (D:8)
  A giant gecko skeleton (D:7)
  A rat (D:6)
  2 ballistomycetes (D:7)
  2 fungi (Lair:2)
  3 plants
119 creatures vanquished.

Vanquished Creatures (others)
  2 black mamba zombies
  A black mamba skeleton (Lair:4)
  2 water moccasin zombies
  A hippogriff zombie (Lair:4)
  A yak skeleton (Lair:2)
  10 yak zombies
  2 centaur zombies
  3 giant frog zombies
  3 wolf zombies
  A naga zombie (Lair:4)
  2 crocodile zombies
  A naga skeleton (Lair:4)
  4 hound zombies
  A hound skeleton (D:6)
  A gnoll zombie (D:9)
  6 adder zombies
  An adder skeleton (D:6)
  A kobold zombie (D:9)
  2 orc skeletons (D:6)
  6 orc zombies (D:9)
  A quokka zombie (Lair:3)
  14 river rat zombies
  A plant (Lair:4)
67 creatures vanquished.

Grand Total: 471 creatures vanquished

Notes
Turn   | Place    | Note
--------------------------------------------------------------
     0 | D:1      | sscrono2, the Octopode Assassin, began the quest for the Orb.
     0 | D:1      | Reached XP level 1. HP: 14/14 MP: 1/1
    41 | D:1      | Reached XP level 2. HP: 10/19 MP: 2/2
   295 | D:1      | Reached skill level 6 in Stealth
   474 | D:1      | Reached XP level 3. HP: 21/24 MP: 3/3
   909 | D:2      | Noticed Sigmund
   917 | D:2      | Killed Sigmund
   917 | D:2      | Reached skill level 7 in Stealth
   917 | D:2      | Reached skill level 1 in Spellcasting
   917 | D:2      | Reached XP level 4. HP: 16/29 MP: 4/6
  1112 | D:2      | Found a radiant altar of Vehumet.
  1374 | D:2      | Reached XP level 5. HP: 34/34 MP: 7/7
  3152 | D:4      | Found a staircase to the Ecumenical Temple.
  3206 | Temple   | Entered the Ecumenical Temple
  3459 | Temple   | Became a worshipper of Kikubaaqudgha
  3530 | D:4      | Reached XP level 6. HP: 39/39 MP: 8/10
  3782 | D:4      | Reached skill level 8 in Stealth
  3806 | D:4      | Found a burning altar of Makhleb.
  4089 | D:4      | Gained mutation: You are agile. (Dex +2) [potion of mutation]
  4089 | D:4      | Gained mutation: You are partially covered in thin metallic scales (AC +2). [potion of mutation]
  4089 | D:4      | Gained mutation: Your body is slowly deteriorating. [potion of mutation]
  4139 | D:5      | Entered Level 5 of the Dungeon
  4276 | D:5      | Reached skill level 1 in Necromancy
  4276 | D:5      | Reached XP level 7. HP: 43/45 MP: 12/12
  4341 | D:5      | Acquired Kikubaaqudgha's first power
  4341 | D:5      | Received a gift from Kikubaaqudgha
  4342 | D:5      | Identified Kikubaaqudgha's Reference Book on Evil Rituals (Kikubaaqudgha gifted it to you on level 5 of the Dungeon)
  4345 | D:5      | Learned a level 1 spell: Animate Skeleton
  4348 | D:5      | Learned a level 2 spell: Corpse Rot
  4352 | D:5      | Learned a level 3 spell: Vampiric Draining
  4517 | D:5      | Found Asodwiq's Serpentskin Sales.
  4517 | D:5      | Noticed a water moccasin
  4517 | D:5      | Noticed a water moccasin
  4517 | D:5      | Noticed a water moccasin
  4519 | D:5      | Killed a water moccasin
  4519 | D:5      | Reached skill level 9 in Stealth
  4746 | D:5      | Bought an uncursed ring of poison resistance for 200 gold pieces
  4872 | D:5      | Killed a water moccasin
  4872 | D:5      | Reached XP level 8. HP: 41/51 MP: 16/16
  4949 | D:5      | Killed a water moccasin
  5121 | D:6      | Found a bloodstained altar of Trog.
  5355 | D:6      | Noticed murphyslaw's ghost (experienced OpAr)
  5388 | D:6      | Killed murphyslaw's ghost
  5388 | D:6      | Reached skill level 10 in Stealth
  5632 | D:6      | Reached XP level 9. HP: 57/57 MP: 19/19
  7548 | D:7      | Learned a level 1 spell: Pain
  7553 | D:7      | Learned a level 4 spell: Animate Dead
  8178 | D:7      | Reached skill level 5 in Dodging
  8751 | D:8      | Found a blossoming altar of Fedhas.
  8751 | D:8      | Found a basalt altar of Yredelemnul.
  8752 | D:8      | Found a stormy altar of Qazlal.
  8783 | D:8      | Reached skill level 11 in Stealth
  8802 | D:8      | Found Caorche's Antique Weapon Shoppe.
  8961 | D:5      | Bought 25 poisoned needles for 100 gold pieces
  9289 | D:8      | Reached skill level 5 in Spellcasting
  9357 | D:8      | Reached skill level 5 in Necromancy
  9487 | D:8      | Found a shimmering altar of Xom.
  9514 | D:8      | Acquired Kikubaaqudgha's second power
  9585 | D:8      | Reached XP level 10. HP: 63/63 MP: 22/22
 10443 | D:8      | Got a smoking dagger
 10444 | D:8      | Identified the +4 dagger "Stokaho" {antimagic, Noisy rPois rN+ MR+ Dex+3} (You found it on level 8 of the Dungeon)
 11302 | D:9      | Noticed Grum
 11325 | D:9      | Killed Grum
 11855 | D:9      | Received a gift from Kikubaaqudgha
 11857 | D:9      | Identified Kikubaaqudgha's Volume of Sinister Arts (Kikubaaqudgha gifted it to you on level 9 of the Dungeon)
 11864 | D:9      | Learned a level 5 spell: Dispel Undead
 12048 | D:9      | Your ally Grum died
 12208 | D:9      | Learned a level 5 spell: Bolt of Draining
 12560 | D:9      | Found a staircase to the Lair.
 12668 | Lair:1   | Entered Level 1 of the Lair of Beasts
 12900 | Lair:1   | Reached skill level 12 in Stealth
 12900 | Lair:1   | Reached skill level 1 in Conjurations
 13210 | Lair:1   | Noticed a black mamba
 13218 | Lair:1   | Killed a black mamba
 13218 | Lair:1   | Reached skill level 5 in Short Blades
 13223 | Lair:1   | Reached XP level 11. HP: 70/70 MP: 20/25
 13445 | Lair:1   | Acquired Kikubaaqudgha's third power
 14852 | Lair:2   | Learned a level 3 spell: Recall
 15085 | Lair:2   | Acquired Kikubaaqudgha's fourth power
 15430 | Lair:3   | Noticed a seven-headed hydra
 15441 | Lair:3   | Killed a seven-headed hydra
 15722 | Lair:3   | Noticed a four-headed hydra
 15730 | Lair:3   | Killed a four-headed hydra
 15730 | Lair:3   | Reached skill level 13 in Stealth
 15976 | Lair:3   | Found a staircase to the Swamp.
 16385 | Lair:3   | Reached XP level 12. HP: 72/76 MP: 10/28
 16485 | Lair:3   | Identified a scroll of acquirement
 16881 | Lair:3   | Reached skill level 5 in Fighting
 17350 | Lair:4   | Noticed Rupert
 17583 | Lair:4   | Found a staircase to the Snake Pit.
 17593 | Lair:4   | Killed Rupert
 18092 | Lair:4   | Reached skill level 14 in Stealth
 18363 | Lair:4   | Killed from afar by an electric eel

Action                   |  1- 3 |  4- 6 |  7- 9 | 10-12 || total
-------------------------+-------+-------+-------+-------++-------
Melee: Dagger            |    40 |   125 |   284 |   461 ||   910
 Fire: Blowgun           |     7 |    11 |    32 |    12 ||    62
 Cast: Animate Skeleton  |       |       |     7 |       ||     7
       Animate Dead      |       |       |     2 |    54 ||    56
       Pain              |       |       |       |    12 ||    12
       Bolt of Draining  |       |       |       |    18 ||    18
Invok: Receive Corpses   |       |       |       |     8 ||     8
Evoke: Wand              |       |       |       |     3 ||     3
       Phantom mirror    |       |       |       |     1 ||     1
  Use: Scroll            |       |    11 |     7 |    11 ||    29
       Potion            |       |     1 |       |     6 ||     7
 Stab: Sleeping          |     8 |    13 |    19 |    36 ||    76
       Distracted        |       |       |     2 |    13 ||    15
  Eat: Bread ration      |       |     3 |     3 |     2 ||     8
       Chunk             |       |     1 |     2 |       ||     3
       Fruit             |       |       |     3 |     5 ||     8
       Royal jelly       |       |       |     1 |     7 ||     8
       Meat ration       |       |       |     1 |     1 ||     2
       Beef jerky        |       |       |     1 |     6 ||     7
       Pizza             |       |       |     1 |       ||     1
